 Dungeon Crawl Stone Soup version 0.24-a0-127-gfc1eed5 (webtiles) character file.

Game seed: 13113040903587951933

186 zishaf the Stinger (level 5, -4/44 HPs)
             Began as a Hill Orc Venom Mage on Feb 26, 2019.
             Slain by an iguana (9 damage)
             ... on level 4 of the Dungeon.
             The game lasted 00:08:46 (4361 turns).

zishaf the Stinger (Hill Orc Venom Mage)            Turns: 4361, Time: 00:08:46

Health: -4/44      AC:  4    Str: 11    XL:     5   Next: 65%
Magic:  3/7        EV: 12    Int: 16    God:
Gold:   167        SH:  0    Dex: 11    Spells: 4/7 levels left

rFire    . . .     SeeInvis .   e - +1 club
rCold    . . .     Gourm    .   (no shield)
rNeg     . . .     Faith    +   i - +0 leather armour
rPois    .         Spirit   .   (no helmet)
rElec    .         Reflect  .   (no cloak)
rCorr    .         Harm     .   m - +0 pair of gloves
MR       .....     Rnd*Tele +   (no boots)
Stlth    ..........             p - amulet of faith
HPRegen  0.14/turn              n - ring of teleportation (curse)
MPRegen  0.10/turn              v - ring of attention (curse)

@: no status effects
A: no striking features
a: no special abilities


You were on level 4 of the Dungeon.
You were not hungry.

You visited 1 branch of the dungeon, and saw 4 of its levels.

You collected 167 gold pieces.

Inventory:

Hand Weapons
 e - a +1 club (weapon)
 j - a +0 hunting sling
 w - a cursed -2 war axe
Missiles
 d - 97 stones (quivered)
Armour
 a - a +0 plate armour
 i - a +0 leather armour (worn)
 m - a +0 pair of gloves (worn)
Jewellery
 n - a cursed ring of teleportation (left hand)
 p - an amulet of faith (around neck)
 v - a cursed ring of attention (right hand)
Scrolls
 g - 3 scrolls of remove curse {unknown}
 h - 2 scrolls of identify
 l - 3 scrolls of teleportation {unknown}
 o - a scroll of enchant weapon
 q - a scroll of fog {unknown}
 s - 2 scrolls of enchant armour {unknown}
 u - a scroll of immolation
Potions
 b - a potion of degeneration {unknown}
 f - 3 potions of curing
 k - a potion of lignification {unknown}
 t - a potion of magic {unknown}
Comestibles
 c - 7 rations
 r - 2 chunks of flesh


   Skills:
 + Level 2.9 Fighting
 + Level 0.5 Armour
 - Level 2.0 Dodging
 - Level 1.5 Stealth
 - Level 1.5 Spellcasting
 - Level 2.0 Conjurations
 - Level 1.0 Air Magic
 * Level 4.2 Poison Magic


You had 4 spell levels left.
You knew the following spells:

 Your Spells              Type           Power        Failure   Level  Hunger
a - Sting                 Conj/Pois      ##..         9%          1    ##.....
b - Poisonous Vapours     Pois/Air       #.....       16%         2    ###....

Your spell library contained the following spells:

 Spells                   Type           Power        Failure   Level  Hunger
 Mephitic Cloud           Conj/Pois/Air  #.......     32%         3    ####...
 Olgreb's Toxic Radiance  Pois           ##......     45%         4    #####..
 Venom Bolt               Conj/Pois      ##........   92%         5    ######.


Dungeon Overview and Level Annotations

Branches:
Dungeon (4/15)
 Temple: D:4-7

Altars:
Elyvilon
Makhleb
Qazlal
Uskayaw
Vehumet


Message History

The iguana bites you.
You closely miss the iguana. The ogre hits you with a +0 giant club!
The phantom hits you!
The iguana bites you but does no damage.
As you read the scroll labeled ZURPHI JEEHIGH, it crumbles to dust.
It is a scroll of enchant weapon.
Your +0 club glows red for a moment.
The ogre hits you with a +0 giant club.
The phantom hits you but does no damage.
The iguana bites you!
* * * LOW HITPOINT WARNING * * *
As you read the scroll labeled PIAWNI OWUSERPH, it crumbles to dust.
It is a scroll of identify.
f - 3 potions of curing The ogre completely misses you.
The phantom closely misses you. The iguana misses you.
As you read the scroll labeled PAROJE CYGE, it crumbles to dust.
The creatures around you are filled with an inner flame!
It was a scroll of immolation.
The phantom completely misses you. The ogre barely misses you.
The iguana bites you!
You die...

.# #.....# #....# .##
##....####..†## ..##
#....'........ ...######..
#....#.##.##.# .[.
.#.........#.....#.##.##.### ...
###........#_.⌠.##.#...#.#.. ....
.#.........#....#..#.#.#.#.#.....
(.#######..##..##O..###..#.#....
.## ####@W.## ##......# .#
#l##.###.##.#### .# #..
..#.....###### .#
####.#.####..#.... .#######
.#.#^......≈.# #......# #
.#.^^..§.^≈.#. #.####.# #.
#.§≈#≈^.≈#§.. #.####.###.####
#.^#.#..^#≈≈≈ ..............#
#.^≈..^.≈§≈^≈


You could see a phantom (inner flame), an ogre (inner flame) and an iguana
(inner flame).

Vanquished Creatures
  A hound (D:4)
  A worker ant (D:4)
  4 adders
  4 worms
  A dart slug (D:1)
  4 leopard geckos
  5 orcs
  A ball python (D:1)
  9 bats
  9 giant cockroaches
  5 hobgoblins
  2 jackals (D:4)
  2 quokkas
  4 frilled lizards
  11 goblins
  4 kobolds
  4 rats
71 creatures vanquished.

Notes
Turn   | Place    | Note
-------+----------+-------------------------------------------
     0 | D:1      | zishaf the Hill Orc Venom Mage began the quest for the Orb.
     0 | D:1      | Reached XP level 1. HP: 14/14 MP: 3/3
   277 | D:1      | Reached XP level 2. HP: 18/22 MP: 4/4
   297 | D:1      | Reached skill level 1 in Fighting
   488 | D:1      | Learned a level 2 spell: Poisonous Vapours
   815 | D:1      | Reached skill level 3 in Poison Magic
   815 | D:1      | Reached XP level 3. HP: 28/28 MP: 3/5
  1417 | D:2      | Found a white marble altar of Elyvilon.
  1877 | D:2      | Found a radiant altar of Vehumet.
  1939 | D:2      | Reached XP level 4. HP: 34/36 MP: 6/6
  2848 | D:3      | Reached skill level 1 in Air Magic
  3172 | D:3      | Found a hide-covered altar of Uskayaw.
  3748 | D:3      | Reached XP level 5. HP: 36/42 MP: 1/7
  4096 | D:4      | Reached skill level 4 in Poison Magic
  4323 | D:4      | Found a stormy altar of Qazlal.
  4346 | D:4      | Found a burning altar of Makhleb.
  4346 | D:4      | Found a white marble altar of Elyvilon.
  4346 | D:4      | Noticed an ogre
  4355 | D:4      | Noticed a phantom
  4361 | D:4      | Slain by an iguana

Levels and vault maps discovered:
D:1:      psy_arrival_fountain, layout_rooms
D:2:      layout_basic, nicolae_overflow_crystal_walls, elyvilon_altar_5
D:3:      layout_basic, lemuel_crystal_altar, hangedman_decor_clover_reticule,
          nrook_loot_triangle
D:4:      layout_loops_cross, gammafunk_temple_overflow_pools,
          grunt_qazlal_sundering, minmay_temple_entry_arrows, first_ration,
          lemuel_statue_altar

Skill      XL: |  1  2  3  4  5 |
---------------+----------------+-----
Fighting       | 1 2 |  2.9
Poison Magic   | 3 4 |  4.2
Dodging        | 2 |  2.0
Air Magic      | 1 |  1.0
Conjurations   | 2 |  2.0
Armour         | |  0.5
Stealth        | |  1.5
Spellcasting   | |  1.5

Action                   |  1- 3 |  4- 6 || total
-------------------------+-------+-------++-------
Melee: Club              |    61 |    74 ||   135
 Cast: Sting             |    53 |    57 ||   110
       Poisonous Vapours |     1 |    10 ||    11
  Use: Scroll            |       |     3 ||     3
 Stab: Sleeping          |       |     2 ||     2
  Eat: Chunk             |     5 |    10 ||    15
Armor: Robe              |    17 |       ||    17
       Leather armour    |    18 |    53 ||    71
Dodge: Dodged            |    59 |   135 ||   194

Table legend:
 A = Non-vault XP
 B = Vault XP
 C = Vault XP percentage of total XP
 D = Non-vault monster count
 E = Vault monster count
 F = Vault count percentage of total count
                 A         B        C        D         E       F
            +---------+---------+-------+---------+---------+-------
      Total |     266 |       0 |   0.0 |      71 |       0 |   0.0
            +---------+---------+-------+---------+---------+-------
        D:1 |      47 |       0 |   0.0 |      27 |       0 |   0.0
        D:2 |      56 |       0 |   0.0 |      19 |       0 |   0.0
        D:3 |      78 |       0 |   0.0 |      18 |       0 |   0.0
        D:4 |      85 |       0 |   0.0 |       7 |       0 |   0.0
            +---------+---------+-------+---------+---------+-------
